 Dungeon Sprint DCSS version 0.32-a0-768-g0f6f1dd4b9 (webtiles) character file.

Game seed: 5340262881432567283

60149 rocky1 the Slayer (level 14, -7/141 HPs)
             Began as a Demonspawn Gladiator on Mar 19, 2024.
             Was the Champion of Cheibriados.
             Killed from afar by Frederick (61 damage)
             ... in the Dungeon (Sprint VII: "The Pits").
             The game lasted 00:28:52 (9205 turns).

rocky1 the Slayer (Demonspawn Gladiator)            Turns: 9205, Time: 00:28:53

Health: -7/141     AC: 32    Str: 30    XL:     14   Next: 55%
Magic:  0/25       EV: 18    Int: 30    God:    Cheibriados [******]
Gold:   90         SH:  0    Dex: 36    Spells: 27/27 levels left

rFire   + . .        i - +11 scimitar of Crusades {freeze, rN+ Int+2}
rCold   + . .        (no shield)
rNeg    + . .        b - +2 gold dragon scales
rPois   +            (helmet unavailable)
rElec   .            c - +1 cloak
rCorr   .            o - +1 pair of gloves
SInv    .            p - +1 pair of boots of Aggayfoa {Str+2 Dex+2}
Will    +....        (no amulet) Stlth
                     (no ring)
HPRegen 0.43/turn    (no ring)
MPRegen 0.38/turn

%: no teleportation, guardian spirit
@: glowing, very slow
A: horns 3, foul stench 3, magic shield, magic regeneration, clever 1, poison
resistance
a: Renounce Religion, Bend Time, Temporal Distortion, Slouch, Step From Time


You were in the Dungeon.
You worshipped Cheibriados.
Cheibriados was exalted by your worship.
You visited 1 branch You collected 90 gold pieces.

Inventory:

Hand Weapons
 a - a +3 double sword of electrocution
 i - the +11 scimitar of Crusades (weapon) {freeze, rN+ Int+2}
   (You found it in the Dungeon)

   Int+2:     It affects your intelligence (+2).
   rN+:       It protects you from negative energy.
 q - a +0 flail
 w - a +2 great sword of holy wrath
Missiles
 d - 3 throwing nets (quivered)
 e - a javelin
 C - a curare-tipped dart
 N - 6 boomerangs
Armour
 b - +2 gold dragon scales (worn)
 c - a +1 cloak (worn)
 g - the +8 chain mail of Miracles {Int-4 Dex+6}
   (You found it in the Dungeon)

   Int-4:     It affects your intelligence (-4).
   Dex+6:     It affects your dexterity (+6).
 o - a +1 pair of gloves (worn)
 p - the +1 pair of boots of Aggayfoa (worn) {Str+2 Dex+2}
   (You found it in the Dungeon)

   Str+2:     It affects your strength (+2).
   Dex+2:     It affects your dexterity (+2).
 G - an orb of wrath
Jewellery
 h - a ring of wizardry
 k - a ring of see invisible
 l - a ring of resist corrosion
 r - a +3 ring of strength
 s - a +3 ring of dexterity
 x - the ring "Nelofia" {rElec rF+ Will+ Str+6 Dex-5}
   (You took it off an orc in the Dungeon)

   [ring of strength]

   Str+6:     It affects your strength (+6).
   Dex-5:     It affects your dexterity (-5).
   rF+:       It protects you from fire.
   rElec:     It insulates you from electricity.
   Will+:     It increases your willpower.
 E - a ring of protection from fire
 F - a +5 ring of evasion
Talismans
 P - a granite talisman
Wands
 v - a wand of quicksilver (3)
 O - a wand of charming (7)
Scrolls
 m - 2 scrolls of vulnerability
 n - 5 scrolls of amnesia
 H - 2 scrolls of enchant armour
 I - 4 scrolls of enchant weapon
 J - 3 scrolls of identify
 M - a scroll of fog
Potions
 f - a potion of curing
 j - a potion of berserk rage
 t - 2 potions of mutation
 u - 2 potions of brilliance
 K - a potion of resistance


   Skills:
 + Level 22.3 Fighting
 + Level 19.3 Long Blades
 - Level 2.3 Throwing
 + Level 19.0 Armour
 + Level 12.9 Dodging
 - Level 7.9 Stealth
 - Level 7.3 Spellcasting
 - Level 14.7 Invocations


You had 27 spell levels left.
You didn't know any spells.
Your spell library contained the following spells:

 Spells                   Type           Power      Damage    Failure   Level
 Kiss of Death            Conj/Necr      40%        2d8       45%         1
 Sublimation of Blood     Necr           10%        N/A       61%         2
 Confusing Touch          Hex            10%        N/A       83%         3
 Summon Ice Beast         Ice/Summ       10%        N/A       83%         3
 Dispel Undead            Necr           10%        3d9       99%         4
 Conjure Ball Lightning   Conj/Air       5%         3x3d6     100%        6
 Monstrous Menagerie      Summ           5%         N/A       100%        7
 Discord                  Hex            5%         N/A       100%        8
 Disjunction              Tloc           5%         N/A       100%        8
 Summon Horrible Things   Summ           5%         N/A       100%        8


Dungeon Overview and Level Annotations

Branches:
Dungeon (1/1)

Altars:
Ashenzari
Cheibriados
Dithmenos
Fedhas
Gozag
Hepliaklqana
Kikubaaqudgha
Makhleb
Nemelex Xobeh
Okawaru
Qazlal
Ru
Sif Muna
Trog
Uskayaw
Vehumet
Wu Jian
Xom
Yredelemnul
Beogh
Jiyva
Lugonu

Annotations:
D Frederick


Innate Abilities, Weirdness & Mutations

You have a pair of large horns on your head.
You frequently emit foul miasma when damaged in melee.
When hurt, damage is shared between your health and your magic reserves.
You regenerate magic rapidly.
Your mind is acute. (Int +4, Str/Dex -1)
Your system is resistant to poisons. (rPois)


Message History

There is a large open door here.
There is a large open door here.
Things that are here:
a +1 flail of holy wrath; a +0 chain mail; an orc skeleton
There is a large open door here.
Okay, then.
A fire giant comes into view.
It is wielding a +0 great sword of flaming.
A deep elf sorcerer and a red draconian come into view.
The deep elf sorcerer shouts!
The red draconian roars!
The red draconian breathes fire at you. The searing blast hits you!!
You resist.
A titan comes into view.
The deep elf sorcerer mumbles some strange words.
The deep elf sorcerer seems to speed up.
A shadow dragon comes into view.
The titan shouts!
You hear a shout!
The red draconian breathes fire at you.
The searing blast hits the fire giant.
The fire giant resists.
The searing blast hits you! You resist.
Frederick the Flawless comes into view.
He is wielding a +4 demon trident and wearing the orb of the Cockatrice {light, rN+++ Str-4 Fire}.
Frederick gestures wildly while chanting.
The bolt of lightning hits you!!! The fiery plasma hits you!! You resist.
A deep elf master archer comes into view.
The deep elf master archer shouts!
You hear a shout!
Activating: Slouch (0% risk of failure)
Press: ? - help, Dir - look around, f - activate You can feel time thicken for a moment.
You are engulfed in blazing flames.
You resist. Frederick hits you but does no damage.
Unknown command.
Activating: Slouch (0% risk of failure)
Press: ? - help, Dir - look around, f - activate You can feel time thicken for a moment.
You kill the deep elf sorcerer!
Cheibriados appreciates the change of pace.
You are engulfed in blazing flames.
You resist.
Frederick mumbles some strange words.
The bolt of lightning hits you!!!
You die...
Frederick says, "Perhaps I should have been a lumberjack.
The trees might put up more of a fight."
Cheibriados appreciates the motionlessness of death.

## #..##
####........## .....
...####''####. .
...## ..............
D.##. .......##.....
.....##
.............. .Cd..
...####''####. #)@##
####........##
#.°####......##.....
##C@'.).......).)..)
#..'.........).....
###################
#################
#................
#................
#..##############
#..##.#.#.#.#.#.#
#..#.#.#.#.#)#.#.


You could see Frederick, a titan, a red draconian and a fire giant.

Vanquished Creatures
  A deep elf blademaster (D)
  A deep elf master archer (D)
  3 nagarajas (D)
  A deep elf sorcerer (D)
  A balrug (D)
  An emperor scorpion (D)
  3 orc warlords (D)
  A spriggan defender (D)
  2 deep elf death magi (D)
  A lorocyproca (D)
  2 white draconians (D)
  A deep elf annihilator (D)
  A merfolk impaler (D)
  An eidolon (D)
  A yaktaur captain (D)
  2 hydras (D)
  A great orb of eyes (D)
  An ice dragon (D)
  4 vault guards (D)
  A spriggan air mage (D)
  2 anacondas (D)
  2 alligators (D)
  A centaur warrior (D)
  A two-headed ogre (D)
  A death knight (D)
  2 demonic crawlers (D)
  2 spriggan berserkers (D)
  3 naga warriors (D)
  2 sun demons (D)
  5 hell knights (D)
  A shadow wraith (D)
  A flayed ghost (D)
  A spriggan druid (D)
  A sixfirhy (D)
  3 swamp dragons (D)
  A lindwurm (D)
  A bog body (D)
  15 orc knights (D)
  A deep elf pyromancer (D)
  A lindwurm (shapeshifter) (D)
  2 orc sorcerers (D)
  A cyclops (D)
  2 salamanders (D)
  An elephant (D)
  2 naga magi (D)
  Joseph (D)
  2 black mambas (D)
  A black mamba (shapeshifter) (D)
  A gargoyle (D)
  An orange demon (D)
  A kobold demonologist (D)
  An unseen horror (D)
  5 ice devils (D)
  A yaktaur (D)
  A guardian mummy (D)
  3 merfolk (D)
  4 trolls (D)
  A hellwing (D)
  2 wind drakes (D)
  2 hornets (D)
  3 tarantellas (D)
  A jumping spider (D)
  2 spriggans (D)
  2 wyverns (D)
  A fire bat (D)
  A basilisk (D)
  3 wraiths (D)
  A basilisk (shapeshifter) (D)
  A neqoxec (D)
  2 redbacks (D)
  A warg (D)
  A naga (D)
  A small abomination (D)
  8 orc warriors (D)
  A sky beast (D)
  A crocodile (D)
  A laughing skull (D)
  A kobold brigand (D)
  A brain worm (D)
  An earth elemental (D)
  5 killer bees (D)
  A crimson imp (D)
  A quasit (D)
  2 hounds (D)
  2 orc priests (D)
  2 gnoll boudas (D)
  An orc wizard (D)
  2 hell rats (D)
  7 gnolls (D)
  3 adders (D)
  A river rat (D)
  An ufetubus (D)
  An adder skeleton (D)
  An adder zombie (D)
  A dart slug (D)
  15 orcs (D)
  A ball python (D)
  A bat skeleton (D)
  2 bat zombies (D)
  2 giant cockroaches (D)
  A goblin (D)
  A hobgoblin (D)
  2 jackals (D)
  A quokka (D)
  A bat simulacrum (D)
  A frilled lizard (D)
  A giant cockroach simulacrum (D)
  2 kobolds (D)
  A quokka simulacrum (D)
209 creatures vanquished.

Vanquished Creatures (collateral kills)
  An orc sorcerer (D)
1 creature vanquished.

Vanquished Creatures (others)
  A bat skeleton (D)
1 creature vanquished.

Grand Total: 211 creatures vanquished

Notes
Turn   | Place    | Note
-------+----------+-------------------------------------------
     0 | D        | rocky1 the Demonspawn Gladiator began the quest for the
                  | Orb.
     0 | D        | Reached XP level 1. HP: 16/16 MP: 1/1
    42 | D        | Found a bloodstained altar of Trog.
    42 | D        | Found a shimmering blue altar of Sif Muna.
    42 | D        | Found a viscous altar of Jiyva.
    42 | D        | Found a hazy altar of Hepliaklqana.
    42 | D        | Found an opulent altar of Gozag.
    43 | D        | Found a basalt altar of Yredelemnul.
    43 | D        | Found a shimmering altar of Xom.
    43 | D        | Found an ornate altar of the Wu Jian Council.
    43 | D        | Found a sacrificial altar of Ru.
    43 | D        | Found a stormy altar of Qazlal.
    43 | D        | Found an iron altar of Okawaru.
    43 | D        | Found a sparkling altar of Nemelex Xobeh.
    43 | D        | Found a burning altar of Makhleb.
    43 | D        | Found a blossoming altar of Fedhas.
    43 | D        | Found a shadowy altar of Dithmenos.
    43 | D        | Found a snail-covered altar of Cheibriados.
    46 | D        | Found a corrupted altar of Lugonu.
    46 | D        | Found a radiant altar of Vehumet.
    46 | D        | Found a roughly hewn altar of Beogh.
    47 | D        | Found an ancient bone altar of Kikubaaqudgha.
    47 | D        | Found a hide-covered altar of Uskayaw.
    47 | D        | Found a broken altar of Ashenzari.
    54 | D        | Became a worshipper of Cheibriados the Contemplative
    75 | D        | Reached * piety under Cheibriados
   319 | D        | Reached skill level 1 in Invocations
   319 | D        | Gained mutation: You may rarely emit foul miasma when
                  | damaged in melee. [demonic ancestry]
   319 | D        | Reached XP level 2. HP: 19/23 MP: 1/3
   530 | D        | Reached ** piety under Cheibriados
   759 | D        | Noticed a crimson imp
   766 | D        | Reached skill level 1 in Armour
   766 | D        | Reached XP level 3. HP: 28/28 MP: 3/5
   771 | D        | Reached *** piety under Cheibriados
   803 | D        | Reached skill level 5 in Long Blades
   803 | D        | Gained mutation: You regenerate magic rapidly. [demonic
                  | ancestry]
   803 | D        | Reached XP level 4. HP: 20/34 MP: 5/7
   884 | D        | Noticed a crocodile
   886 | D        | Noticed a sky beast
   890 | D        | HP: 1/34 [crocodile (8)]
   902 | D        | Killed a crocodile
   903 | D        | Reached skill level 3 in Fighting
   903 | D        | Reached skill level 5 in Invocations
   903 | D        | Reached XP level 5. HP: 41/41 MP: 7/9
   906 | D        | Killed a sky beast
   906 | D        | Reached **** piety under Cheibriados
   909 | D        | Reached skill level 4 in Fighting
   909 | D        | Reached XP level 6. HP: 48/48 MP: 8/11
   910 | D        | Reached ***** piety under Cheibriados
   928 | D        | Reached ****** piety under Cheibriados
   971 | D        | Reached skill level 5 in Armour
  1327 | D        | Noticed a hornet
  1330 | D        | Killed a hornet
  1331 | D        | Reached skill level 5 in Fighting
  1331 | D        | Reached skill level 5 in Stealth
  1331 | D        | Reached XP level 7. HP: 56/56 MP: 6/12
  1769 | D        | Noticed a warg
  1769 | D        | Noticed a bog body
  1772 | D        | Killed a warg
  1774 | D        | Killed a bog body
  1775 | D        | Reached skill level 6 in Fighting
  1775 | D        | Reached skill level 5 in Dodging
  1775 | D        | Gained mutation: You have a pair of small horns on your
                  | head. [demonic ancestry]
  1775 | D        | Reached XP level 8. HP: 30/65 MP: 7/14
  1779 | D        | Found the +10 dark maul {heavy}
  1808 | D        | Got the +2 scimitar of Feta {protect, rPois rC+ Dex+5}
  1923 | D        | Noticed a gargoyle
  1923 | D        | Noticed a hellwing
  1933 | D        | Killed a hellwing
  1934 | D        | Reached skill level 7 in Fighting
  1939 | D        | Killed a gargoyle
  1997 | D        | Gained mutation: You have a pair of horns on your head.
                  | [demonic ancestry]
  1997 | D        | Reached XP level 9. HP: 44/72 MP: 15/15
  2296 | D        | Noticed a swamp dragon
  2301 | D        | Killed a swamp dragon
  2302 | D        | Reached skill level 8 in Fighting
  2331 | D        | Noticed an orc knight
  2333 | D        | Noticed Joseph
  2352 | D        | Killed an orc knight
  2353 | D        | Reached skill level 9 in Fighting
  2358 | D        | Killed Joseph
  2362 | D        | Gained mutation: You have a pair of large horns on your
                  | head. [demonic ancestry]
  2362 | D        | Reached XP level 10. HP: 55/83 MP: 7/17
  2437 | D        | Noticed a cyclops
  2441 | D        | Killed a cyclops
  2442 | D        | Reached skill level 10 in Fighting
  2453 | D        | Noticed an orange demon
  2457 | D        | Killed an orange demon
  2458 | D        | Reached skill level 15 in Long Blades
  2458 | D        | Reached skill level 10 in Invocations
  2657 | D        | Noticed an orc knight
  2673 | D        | Killed a lorocyproca
  2674 | D        | Reached skill level 11 in Fighting
  2685 | D        | Killed an orc knight
  3059 | D        | Noticed a flayed ghost
  3059 | D        | Noticed a demonic crawler
  3060 | D        | Noticed a deep elf pyromancer
  3061 | D        | Noticed a sun demon
  3061 | D        | Noticed a demonic crawler
  3063 | D        | Killed a demonic crawler
  3063 | D        | Killed a sun demon
  3064 | D        | Reached skill level 12 in Fighting
  3064 | D        | Gained mutation: When hurt, damage is shared between your
                  | health and your magic reserves. [demonic ancestry]
  3064 | D        | Reached XP level 11. HP: 48/95 MP: 8/20
  3064 | D        | Killed a deep elf pyromancer
  3064 | D        | Killed a demonic crawler
  3065 | D        | Reached skill level 10 in Armour
  3067 | D        | Killed a flayed ghost
  3755 | D        | Reached skill level 13 in Fighting
  3782 | D        | Noticed an orc sorcerer
  3784 | D        | Noticed a nagaraja
  3785 | D        | Paralysed by an orc sorcerer for 3 turns
  3788 | D        | Killed an orc sorcerer
  3795 | D        | Killed a nagaraja
  3796 | D        | Reached skill level 14 in Fighting
  4040 | D        | Noticed a swamp dragon
  4054 | D        | Killed a swamp dragon
  4055 | D        | Reached skill level 15 in Fighting
  4068 | D        | Noticed a death knight
  4068 | D        | Noticed a lindwurm
  4075 | D        | Killed a lindwurm
  4088 | D        | Killed a death knight
  4089 | D        | Reached skill level 16 in Fighting
  4397 | D        | Noticed a six-headed hydra
  4397 | D        | Noticed a merfolk impaler
  4397 | D        | Noticed a deep elf master archer
  4397 | D        | Noticed a deep elf death mage
  4403 | D        | Killed a six-headed hydra
  4404 | D        | Reached skill level 17 in Fighting
  4404 | D        | Gained mutation: You sometimes emit foul miasma when
                  | damaged in melee. [demonic ancestry]
  4404 | D        | Reached XP level 12. HP: 46/114 MP: 18/23
  4404 | D        | Killed a deep elf death mage
  4404 | D        | Killed a deep elf master archer
  4405 | D        | Reached skill level 18 in Fighting
  4407 | D        | Killed a merfolk impaler
  4788 | D        | Got the Lessons on Open Graves and Convocation
  4943 | D        | Noticed a centaur warrior
  4943 | D        | Noticed an alligator
  4949 | D        | Killed a centaur warrior
  4950 | D        | Reached skill level 1 in Spellcasting
  4955 | D        | Noticed a deep elf annihilator
  4956 | D        | Killed an alligator
  4958 | D        | Killed a deep elf annihilator
  4963 | D        | Gained mutation: You occasionally shout uncontrollably at
                  | your foes. [a neqoxec]
  4974 | D        | Noticed a white draconian
  4977 | D        | Noticed an anaconda
  4979 | D        | Killed a white draconian
  4980 | D        | Reached skill level 5 in Spellcasting
  4981 | D        | HP: 5/117 [anaconda (6)]
  4988 | D        | Killed an anaconda
  5056 | D        | Noticed an eidolon
  5062 | D        | Noticed an alligator
  5065 | D        | Killed an eidolon
  5068 | D        | Killed an alligator
  5086 | D        | Noticed a two-headed ogre
  5092 | D        | Killed a two-headed ogre
  5221 | D        | Paralysed by an orc sorcerer for 2 turns
  5221 | D        | Noticed an orc warlord
  5222 | D        | Noticed an orc warlord
  5260 | D        | Gained mutation: You frequently emit foul miasma when
                  | damaged in melee. [demonic ancestry]
  5260 | D        | Reached XP level 13. HP: 61/124 MP: 5/24
  5260 | D        | Killed an orc warlord
  5261 | D        | Reached skill level 19 in Fighting
  5266 | D        | Killed an orc warlord
  5800 | D        | Reached skill level 15 in Armour
  5852 | D        | Reached skill level 20 in Fighting
  5864 | D        | Reached skill level 10 in Dodging
  5869 | D        | HP: 5/127 [hell knight/+2 great sword (4)]
  5881 | D        | Noticed a nagaraja
  6177 | D        | Killed a nagaraja
  6587 | D        | Found the +13 scythe of Curses {drain, curses, ^Drain}
  6615 | D        | Got the +11 scimitar of Crusades {freeze, rN+ Int+2}
  6709 | D        | Got the +8 chain mail of Miracles {Int-4 Dex+6}
  6797 | D        | Got the +1 pair of boots of Aggayfoa {Str+2 Dex+2}
  6932 | D        | Noticed a white draconian
  6944 | D        | Killed a white draconian
  6968 | D        | Reached skill level 21 in Fighting
  7481 | D        | Noticed an emperor scorpion
  7489 | D        | Killed an emperor scorpion
  7491 | D        | Noticed a deep elf blademaster
  7497 | D        | Reached XP level 14. HP: 125/138 MP: 13/25
  7497 | D        | Killed a deep elf blademaster
  7522 | D        | Noticed a balrug
  7530 | D        | Killed a balrug
  7618 | D        | Noticed an orc warlord
  7618 | D        | Identified the +9 quarterstaff "Ogrebane" {drain, rC+ MP+9
                  | Str+2}
  7618 | D        | Identified the ring "Nelofia" {rElec rF+ Will+ Str+6 Dex-5}
  7628 | D        | Noticed a spriggan defender
  7629 | D        | Killed an orc warlord
  7633 | D        | Killed a spriggan defender
  7675 | D        | Noticed a nagaraja
  7687 | D        | Killed a nagaraja
  7893 | D        | Identified the +4 mace "Uruxut" {elec, rC+ Will+ Int+4}
  7987 | D        | Reached skill level 22 in Fighting
  9066 | D        | Lost mutation: You occasionally shout uncontrollably at
                  | your foes. [potion of mutation]
  9066 | D        | Gained mutation: Your system is resistant to poisons.
                  | (rPois) [potion of mutation]
  9066 | D        | Gained mutation: Your mind is acute. (Int +4, Str/Dex -1)
                  | [potion of mutation]
  9201 | D        | Noticed a fire giant
  9202 | D        | Noticed a deep elf sorcerer
  9202 | D        | Noticed a titan
  9202 | D        | Noticed a shadow dragon
  9203 | D        | Identified the orb of the Cockatrice {light, rN+++ Str-4
                  | Fire}
  9203 | D        | Noticed Frederick
  9203 | D        | Noticed a deep elf master archer
  9205 | D        | Killed a deep elf sorcerer
  9205 | D        | Killed from afar by Frederick

Illustrated notes

Levels and vault maps discovered:
D:        pitsprint [storerooms_1, entrance_room_1, metal_vault_5, armoury_1,
          mini_pit_1, grid_room_1, main_hall_1, silver_pit, the_coven_1,
          the_vestibule_1, steel_vault_1, golden_pit, hallway_of_sentries,
          crystal_vault_1, iron_vault_1, final_vault]

Skill      XL: |  1  2  3  4  5  6  7  8  9 10 11 12 13 14 |
---------------+-------------------------------------------+-----
Long Blades    | 3 4 5 6 7 9 11 12 14 15 16 18 19 | 19.3
Dodging        | 3 4 5 6 7 9 10 12 | 12.9
Throwing       | 2 |  2.3
Invocations    | 1 2 4 5 6 7 8 9 13 14 | 14.7
Armour         | 1 2 3 4 5 6 7 9 10 14 17 19 | 19.0
Fighting       | 3 4 5 6 7 9 12 17 18 21 22 | 22.3
Stealth        | 2 3 5 6 7 |  7.9
Spellcasting   | 7 |  7.3

Action                     |  1- 3 |  4- 6 |  7- 9 | 10-12 | 13-15 || total
---------------------------+-------+-------+-------+-------+-------++-------
  Melee: Long sword        |    51 |    54 |     8 |       |       ||   113
         Scimitar          |       |       |    68 |   170 |   194 ||   432
         Headbutt          |       |       |    15 |    45 |    57 ||   117
 Invoke: Slouch            |       |     1 |     3 |    27 |    17 ||    48
         Bend Time         |       |       |       |     1 |       ||     1
    Use: Potion            |       |     4 |     3 |    19 |    10 ||    36
         Scroll            |       |       |       |     6 |       ||     6
   Stab: Invisible         |       |     9 |       |     4 |       ||    13
         Sleeping          |       |     1 |     1 |     2 |       ||     4
         Distracted        |       |       |     2 |       |     2 ||     4
 Armour: Leather armour    |    35 |       |       |       |       ||    35
         Ring mail         |       |    25 |     4 |       |       ||    29
         Chain mail        |       |       |    66 |   204 |    66 ||   336
         Gold dragon scale |       |       |       |       |   138 ||   138
  Dodge: Dodged            |    29 |    34 |    97 |   146 |   178 ||   484

Table legend: (Time is in decaauts) A = Elapsed time spent in this place. B = Non-inter-level travel time spent in this place. C = Inter-level travel time spent in this place. D = Time resting spent in this place. E = Time spent auto-exploring this place. F = Levels seen in this place. G = Mean time per level. A B C D E F G +--------+--------+--------+--------+--------+-----+--------+ Total | 10919 | 10783 | 136 | 6435 | 0 | 1 | 10919.0 | Dungeon | 10919 | 10783 | 136 | 6435 | 0 | 1 | 10919.0 | +--------+--------+--------+--------+--------+-----+--------+

Top non-repeatable levels by time:
       D: 10919 daAuts
